AoeStats
← iAlejandrouae

Lombardia

507691400Analyzed
4v4 RM · 14d ago on Sep 19, 2026· 40m 41s· 8 players
Game mode
Random Map
Map size
Large (8 player)
Population
200
Speed
Normal
Resources
Standard
Victory
Conquest
Starting age
Dark Age
Ending age
Imperial Age
RankedLock teamsTeams togetherTeam positionsShared explorationLock speedFull tech treeHidden civsTurbo modeCheats
Victory
Defeat
🇭🇰 Huns · Hong Kong SAR China
1812
+9
🇭🇰 Inca · Hong Kong SAR China
1713
+13
🇹🇼 Wei · Taiwan
1663
+15
🇭🇰 Khitans · Hong Kong SAR China
1659
+16
🇫🇮 Jurchens · Finland
1739
-16
🇲🇽 Dravidians · Mexico
1636
-13
🇦🇷 Japanese · Argentina
1618
-12
🇹🇼 Ethiopians · Taiwan
1612
-12
RustyCrowHK
10:45 Feudal Age
14:44 Castle Age
12:50 Double-Bit Axe
13:03 Horse Collar
15:40 Bow Saw
15:45 Loom
23:18 Gold Mining
23:29 Heavy Plow
23:36 Heavy Plow
24:20 Wheelbarrow
23:53 Town Watch
30:24 Imperial Age
28:03 Andean Sling
28:10 Squires
27:44 Champi Runner
28:43 Scale Mail Armor
28:44 Arson
29:41 Forging
29:27 Stone Mining
29:40 Champi Warrior
30:38 Chain Mail Armor
31:21 Iron Casting
31:32 Conscription
30:51 Elite Champi Warrior
31:53 Hand Cart
32:54 Crop Rotation
32:57 Plate Mail Armor
33:27 Iron Casting
33:16 Fabric Shields
36:16 Blast Furnace
35:52 Elite Skirmisher
37:18 Fletching
37:29 Padded Archer Armor
38:59 Bodkin Arrow
40:01 Ballistics
40:28 Bracer
40:44 Leather Archer Armor
YanShiba
6:43 Loom
9:06 Feudal Age
10:27 Double-Bit Axe
10:22 Horse Collar
13:37 Wheelbarrow
15:22 Forging
15:43 Gold Mining
20:18 Castle Age
18:56 Stone Mining
20:13 Bloodlines
20:26 Light Cavalry
22:00 Bow Saw
21:51 Heavy Plow
26:13 Town Watch
26:44 Hand Cart
26:45 Husbandry
29:41 Scale Barding Armor
30:34 Gold Shaft Mining
31:26 Chain Barding Armor
32:29 Iron Casting
32:12 Light Cavalry
35:25 Imperial Age
34:21 Stone Shaft Mining
37:14 Blast Furnace
37:02 Conscription
36:45 Tuntian
37:10 Ming Guang Armor
36:34 Elite Tiger Cavalry
37:36 Caravan
38:16 Tuntian
38:48 Town Patrol
40:53 Coinage
T
8:52 Feudal Age
9:21 Double-Bit Axe
9:43 Horse Collar
14:48 Forging
15:55 Wheelbarrow
18:30 Gold Mining
20:41 Castle Age
19:08 Fletching
19:42 Padded Archer Armor
19:59 Bloodlines
21:18 Bodkin Arrow
21:34 Heavy Plow
21:45 Bow Saw
23:13 Husbandry
24:11 Ballistics
24:41 Padded Archer Armor
30:36 Hand Cart
34:24 Imperial Age
32:07 Town Watch
32:57 Thumb Ring
32:53 Stone Mining
33:38 Gold Shaft Mining
33:45 Leather Archer Armor
35:52 Bracer
36:53 Chemistry
35:14 Heavy Cavalry Archer
36:38 Parthian Tactics
37:28 Masonry
37:13 Murder Holes
37:48 Capped Ram
39:44 Two-Man Saw
39:08 Conscription
38:55 Siege Ram
39:54 Caravan
40:24 Coinage
OmegaJ256
9:21 Feudal Age
10:00 Double-Bit Axe
10:29 Domestication
13:53 Loom
14:29 Forging
16:17 Wheelbarrow
17:41 Gold Mining
20:36 Castle Age
19:31 Fletching
21:18 Bodkin Arrow
21:43 Bow Saw
24:31 Husbandry
24:00 Heavy Cavalry Archer
26:07 Padded Archer Armor
27:04 Ballistics
29:05 Hand Cart
31:24 Imperial Age
29:13 Padded Archer Armor
30:10 Leather Archer Armor
30:07 Thumb Ring
32:40 Ring Archer Armor
32:13 Bracer
33:18 Chemistry
32:39 Hand Cart
34:12 Ring Archer Armor
33:49 Scale Barding Armor
33:27 Light Cavalry
36:28 Chain Barding Armor
38:33 Plate Barding Armor
38:34 Iron Casting
39:47 Scale Mail Armor
40:14 Stone Mining
40:42 Pastoralism
41:21 Parthian Tactics
41:32 Chain Mail Armor
VX | Obligame Perro!
6:16 Loom
12:17 Feudal Age
16:06 Castle Age
14:15 Double-Bit Axe
14:12 Horse Collar
18:27 Bow Saw
19:24 Fletching
22:39 Wheelbarrow
22:46 Wheelbarrow
22:11 Bodkin Arrow
23:28 Padded Archer Armor
24:51 Wheelbarrow
24:58 Gold Mining
26:20 Ballistics
27:22 Town Watch
27:53 Leather Archer Armor
28:42 Husbandry
31:00 Hand Cart
38:00 Imperial Age
36:44 Town Patrol
38:14 Elite Elephant Archer
38:55 Bracer
39:31 Ring Archer Armor
40:13 Chemistry
39:56 Medical Corps
Kaarlos
9:06 Feudal Age
10:53 Double-Bit Axe
11:12 Horse Collar
13:43 Loom
15:37 Forging
17:04 Scale Barding Armor
22:31 Wheelbarrow
22:53 Bloodlines
24:40 Gold Mining
27:06 Castle Age
28:15 Bow Saw
31:08 Fletching
31:52 Bodkin Arrow
41:09 Imperial Age
39:23 Hand Cart
38:55 Town Watch
41:24 Chain Barding Armor
iAlejandrouae
4:22 Loom
11:13 Feudal Age
12:25 Horse Collar
14:50 Castle Age
13:18 Double-Bit Axe
22:16 Wheelbarrow
23:01 Bow Saw
22:55 Heavy Plow
23:13 Stone Mining
24:06 Gold Mining
24:43 Fletching
24:53 Padded Archer Armor
28:16 Imperial Age
26:11 Town Watch
26:30 Bodkin Arrow
26:57 Ballistics
27:28 Padded Archer Armor
29:01 Leather Archer Armor
29:59 Chemistry
29:00 Bracer
29:28 Conscription
29:11 Heavy Cavalry Archer
31:58 Ring Archer Armor
31:58 Parthian Tactics
32:49 Husbandry
32:59 Bloodlines
33:38 Thumb Ring
34:08 Coinage
37:09 Scale Mail Armor
37:54 Forging
38:48 Two-Man Saw
37:52 Treadmill Crane
40:09 Chain Mail Armor
DYS.K
11:16 Feudal Age
12:47 Double-Bit Axe
15:08 Castle Age
13:11 Horse Collar
16:12 Bow Saw
16:52 Heavy Plow
19:11 Wheelbarrow
21:46 Hand Cart
21:45 Stone Mining
21:46 Gold Mining
25:14 Gold Shaft Mining
25:08 Loom
30:20 Imperial Age
27:44 Fletching
28:16 Ballistics
27:51 Crossbowman
28:37 Thumb Ring
28:33 Padded Archer Armor
30:43 Bodkin Arrow
30:34 Elite Skirmisher
30:36 Arbalester
31:25 Bracer
31:35 Town Watch
33:01 Chemistry
35:07 Leather Archer Armor
36:18 Ring Archer Armor
36:54 Man-at-Arms
37:00 Elite Shotel Warrior
37:52 Scale Mail Armor
38:03 Forging
37:54 Squires
37:40 Arson
38:35 Conscription
38:21 Royal Heirs
39:46 Chain Mail Armor
40:35 Iron Casting
Connection lost

Rejoining the realm…

Still unreachable

The connection could not be restored.

Session expired

The server has moved on; the page needs a fresh start.